 Dungeon Crawl Stone Soup version 0.19-a0-1568-gdd01aac (webtiles) character file.

119 st0uf the Changer (level 5, 0/44 HPs)
             Began as a Naga Transmuter on Sept 15, 2016.
             Was an Initiate of Okawaru.
             Slain by an orc
             ... wielding a +0 trident
              (1 damage)
             ... on level 3 of the Dungeon.
             The game lasted 00:12:27 (2082 turns).

st0uf the Changer (Naga Transmuter)                 Turns: 2082, Time: 00:12:28

Health: 0/44       AC:  2    Str: 12    XL:     5   Next: 3%
Magic:  3/8        EV: 10    Int: 15    God:    Okawaru [......]
Gold:   89         SH:  0    Dex: 11    Spells: 3 memorised, 3 levels left

rFire  . . .     SeeInvis +       - Unarmed
rCold  . . .     Gourm    +     b - +0 robe
rNeg   . . .     Faith    .     (no shield)
rPois  +         Spirit   .     (no helmet)
rElec  .         Dismiss  .     (no cloak)
rCorr  .         Reflect  .     (no gloves)
MR     .....     Harm     .     (no barding)
Stlth  +.........               s - amulet of the gourmand
                                (no ring)
                                (no ring)

@: very slow
A: see invisible, deformed body, poison resistance, slowness 2, slow metabolism
1, spit poison 1, AC +1
a: Spit Poison, Renounce Religion


You were on level 3 of the Dungeon.
You worshipped Okawaru.
Okawaru was noncommittal.
You were not hungry.

You visited 1 branch of the dungeon, and saw 3 of its levels.

You collected 89 gold pieces.

Inventory:

Missiles
 a - 12 arrows
Armour
 b - a +0 robe (worn)
Jewellery
 q - an uncursed ring of poison resistance
 s - an amulet of the gourmand (around neck)
Scrolls
 e - 2 scrolls of immolation {unknown}
 g - 4 scrolls of identify {unknown}
 h - 2 scrolls of magic mapping {unknown}
 i - 2 scrolls of remove curse {unknown}
 l - a scroll of recharging {unknown}
 m - a scroll of amnesia {unknown}
 r - a scroll of enchant armour {unknown}
Potions
 j - a potion of agility {unknown}
 n - a potion of heal wounds {unknown}
 o - a potion of degeneration {unknown}
 p - a potion of cure mutation {unknown}
Books
 c - a book of Changes

   Spells                             Type                      Level
   a - Beastly Appendage              Transmutation                1
   b - Sticks to Snakes               Transmutation                2
   c - Spider Form                    Transmutation/Poison         3
   d - Ice Form                       Ice/Transmutation            4
   e - Blade Hands                    Transmutation                5
Comestibles
 d - a bread ration
 f - 3 fruits
 k - 2 beef jerkies
 t - a meat ration


   Skills:
 - Level 1.0 Fighting
 - Level 1.5 Dodging
 - Level 3.0 Unarmed Combat
 + Level 2.6 Spellcasting
 * Level 4.6 Transmutations


You had 3 spell levels left.
You knew the following spells:

 Your Spells              Type           Power        Failure   Level  Hunger
a - Beastly Appendage     Tmut           ###...       3%          1    #......
b - Sticks to Snakes      Tmut           ###.....     6%          2    ###....
c - Spider Form           Tmut/Pois      #.........   30%         3    ###....


Dungeon Overview and Level Annotations

Branches:
Dungeon (3/15)

Altars:
Hepliaklqana
Okawaru
Qazlal
Ru


Innate Abilities, Weirdness & Mutations

You cannot wear boots.
Your serpentine skin is tough. (AC +1)
You have supernaturally acute eyesight. (SInv)
Armour fits poorly on your strangely shaped body.
Your system is resistant to poisons. (rPois)
You cover ground very slowly.
You have a slow metabolism.
You can spit poison.


Message History

You barely miss the orc wizard.
The orc wizard is heavily wounded.
Your transformation has ended.
Your +0 robe unmelds from your body.
The orc wizard hits you with a dagger.
The orc hits you from afar with a trident.
The orc wizard miscasts a cantrip.
The orc wizard miscasts a cantrip.
You kill the orc wizard!
Okawaru accepts your kill.
You have reached level 5!
The orc priest calls down the wrath of Beogh upon you.
Beogh smites you!
* * * LOW HITPOINT WARNING * * *
The orc priest looks braver for a moment.
Your magical contamination has completely faded away.
The orc priest calls down the wrath of Beogh upon you.
Beogh smites you!
* * * LOW HITPOINT WARNING * * *
The orc hits you from afar with a trident.
You die...

######### #.......#
#.......#### ## #.......##..
..) #.......##.# ....
#.......##.# .....
#....^..+..##############).....
#....†..#.>.....@.o...o.)......
#.###..<#..##############......
#.###...#.....# #####
#..(..#.#.##+.# #####.#.....#.#
.# #####.#####.#.## #.
..........#.##.# .#
#####........#.## #. #
#####....##.# .#


You could see an orc priest and an orc.

Vanquished Creatures
  An orc wizard (D:3)
  2 adders
  2 oozes (D:1)
  2 worms (D:2)
  2 dart slugs
  4 leopard geckos
  2 orcs (D:3)
  4 ball pythons
  A giant cockroach (D:2)
  6 goblins
  6 hobgoblins
  3 jackals (D:2)
  5 bats
  4 frilled lizards
  3 kobolds
  4 rats
51 creatures vanquished.

Notes
Turn   | Place    | Note
-------+----------+-------------------------------------------
     0 | D:1      | st0uf the Naga Transmuter began the quest for the Orb.
     0 | D:1      | Reached XP level 1. HP: 18/18 MP: 3/3
   318 | D:1      | Reached XP level 2. HP: 25/25 MP: 5/5
   415 | D:1      | Reached skill level 3 in Transmutations
   549 | D:1      | Reached XP level 3. HP: 27/31 MP: 4/6
   553 | D:1      | Learned a level 2 spell: Sticks to Snakes
   557 | D:1      | Learned a level 3 spell: Spider Form
   901 | D:2      | Found a hazy altar of Hepliaklqana.
  1167 | D:2      | Found an iron altar of Okawaru.
  1179 | D:2      | Became a worshipper of Warmaster Okawaru
  1322 | D:2      | Reached skill level 4 in Transmutations
  1442 | D:2      | Reached XP level 4. HP: 38/38 MP: 5/7
  1445 | D:2      | Found a sacrificial altar of Ru.
  1460 | D:2      | Found a faded altar of an unknown god.
  1985 | D:3      | Found a stormy altar of Qazlal.
  2079 | D:3      | Reached XP level 5. HP: 24/44 MP: 3/8
  2082 | D:3      | HP: 1/44 [orc priest/divine providence (10)]
  2082 | D:3      | Slain by an orc

Vault maps used:
D:1:      dpeg_arrival_simpleton_a, minmay_shallow_snake_nest
D:2:      old_standard_altar, okawaru_gym_becter, nicolae_ru_awakened_eye,
          ecumenical_altar_1, hangedman_abyss_or_decor_lesser_grid
D:3:      nemelex_xobeh_ov_fountains_minmay, grunt_decor_clamped,
          grunt_qazlal_clouds

Skill      XL: |  1  2  3 |
---------------+----------+-----
Transmutations | 3 4 |  4.6
Fighting       | |  1.0
Dodging        | |  1.5
Unarmed Combat | |  3.0
Spellcasting   | |  2.6

Action                   |  1- 3 |  4- 6 || total
-------------------------+-------+-------++-------
Melee: Unarmed           |    57 |    34 ||    91
       Headbutt          |     3 |     2 ||     5
       Punch             |     1 |       ||     1
 Cast: Beastly Appendage |    11 |     4 ||    15
       Spider Form       |     1 |     1 ||     2
 Abil: Spit Poison       |    38 |    10 ||    48
 Stab: Sleeping          |       |     1 ||     1
  Eat: Chunk             |     4 |     8 ||    12
Armor: Robe              |    14 |     4 ||    18
       Skin              |     4 |       ||     4
Dodge: Dodged            |    46 |    32 ||    78
